 Dungeon Sprint DCSS version 0.20-a0-259-gc929cd2 (webtiles) character file.

50 Dfrag the Skirmisher (level 5, -3/37 HPs)
             Began as a Gargoyle Fighter on Dec 2, 2016.
             Was a Priest of Makhleb.
             Killed by divine providence
             ... invoked by an orc priest
              (14 damage)
             ... in the Dungeon (Sprint VI: "Thunderdome").
             The game lasted 00:03:17 (392 turns).

Dfrag the Skirmisher (Gargoyle Fighter)              Turns: 392, Time: 00:03:18

Health: -3/37      AC: 11    Str: 20    XL:     5   Next: 44%
Magic:  14/14      EV:  8    Int:  9    God:    Makhleb [***...]
Gold:   100        SH: 11    Dex: 17    Spells: 4/4 levels left

rFire  . . .     SeeInvis .     a - +0 flail
rCold  + + .     Gourm    .     b - +0 scale mail
rNeg   + . .     Faith    .     c - +0 shield
rPois  ∞         Spirit   .     (no helmet)
rElec  +         Reflect  .     (no cloak)
rCorr  .         Harm     .     (no gloves)
MR     +....     NoTele   +     (no boots)
Stlth  ..........               s - amulet "Runtept" {RegenMP Dex+3}
                                q - ring "Foclodgh" {MP+9 Dex+5}
                                p - ring "Synemo" {rElec rC++ MR+}

@: no status effects
A: negative energy resistance 1, electricity resistance, unbreathing,
petrification resistance, rot immunity, AC +4
a: Minor Destruction, Lesser Servant of Makhleb, Renounce Religion


You were in the Dungeon.
You worshipped Makhleb.
Makhleb was most pleased with you.
You were not hungry.

You visited 1 branch You collected 280 gold pieces.
You spent 180 gold pieces at shops.

Inventory:

Hand Weapons
 a - a +0 flail (weapon)
Armour
 b - a +0 scale mail (worn)
 c - a +0 shield (worn)
Jewellery
 p - the ring "Synemo" (left hand) {rElec rC++ MR+}
   (You bought it in a shop in the Dungeon)

   [ring of protection from magic]

   It greatly protects you from cold.
   It insulates you from electricity.
   It affects your resistance to hostile enchantments.
 q - the ring "Foclodgh" (right hand) {MP+9 Dex+5}
   (You bought it in a shop in the Dungeon)

   [ring of dexterity]

   It affects your dexterity (+5).
   It affects your magic capacity (+9).
 r - the amulet of Qianump {Faith rElec Str+4 Int-3 Dex-4}
   (You bought it in a shop in the Dungeon)

   [amulet of faith]

   It allows you to gain divine favour quickly.
   It affects your strength (+4).
   It affects your intelligence (-3).
   It affects your dexterity (-4).
   It insulates you from electricity.
 s - the amulet "Runtept" (around neck) {RegenMP Dex+3}
   (You bought it in a shop in the Dungeon)

   [amulet of magic regeneration]

   It increases your magic regeneration.
   It affects your dexterity (+3).
Wands
 l - a wand of acid (5/15)
 m - a wand of iceblast (5/15)
Scrolls
 k - 4 scrolls of blinking
 n - 3 scrolls of fog
Potions
 d - a potion of might
 e - a potion of curing
 g - 3 potions of heal wounds
 h - 4 potions of haste
 i - 2 potions of magic
 j - a potion of berserk rage
 o - a potion of resistance
Comestibles
 f - a bread ration


   Skills:
 + Level 6.6 Fighting
 + Level 5.6 Maces & Flails
 + Level 6.6 Armour
 + Level 6.6 Shields


You had 4 spell levels left.
You didn't know any spells.

Dungeon Overview and Level Annotations

Branches:
Dungeon (1/1)

Altars:
Cheibriados
Dithmenos
Fedhas
Gozag
Kikubaaqudgha
Makhleb
Okawaru
Qazlal
Ru
Sif Muna
Trog
Uskayaw
Vehumet
Xom
Yredelemnul
Zin
The Shining One
Beogh
Jiyva
Lugonu

Shops:
D *[%??*?*:[((!!!!


Innate Abilities, Weirdness & Mutations

You are resistant to torment.
Your stone body is resilient. (AC +4)
You are immune to poison.
You resist negative energy. (rN+)
You are resistant to electric shocks. (rElec)
You can survive without breathing.
You are immune to petrification.
You are immune to rotting.


Message History

You are too injured to fight recklessly!
You are too injured to fight recklessly!
You are too injured to fight recklessly!
You are too injured to fight recklessly!
You are too injured to fight recklessly!
You are too injured to fight recklessly!
You are too injured to fight recklessly!
You are too injured to fight recklessly!
You are too injured to fight recklessly!
You are too injured to fight recklessly!
You are too injured to fight recklessly!
You are too injured to fight recklessly!
You are too injured to fight recklessly!
You are too injured to fight recklessly!
Unknown command.
You hit the orc priest but do no damage.
The orc priest is moderately wounded.
The orc priest calls down the wrath of Beogh upon you.
Beogh smites you!
You die...

#⌠....[......⌠#
######.8.........8.######
##∩___÷.....###......_..∩##
##∩...o....8.# #.8........∩###
.÷...........###.............##
..........###...###..........⌠#
......o...# #.<.# #..........§#
..........###.oo###..........⌠#
.............###@)......)....##
##∩........8.# #.8........∩###
##∩___......###......___∩##
######.8.........8.######
#⌠...........⌠# ###.........###
#_........# #_......._#
#_......._#


You could see 2 orc priests.

Vanquished Creatures
  2 orc priests (D)
  2 jellies (D)
  Terence (D)
  3 oozes (D)
  A leopard gecko (D)
  An orc (D)
  A goblin (D)
  2 bats (D)
13 creatures vanquished.

Notes
Turn   | Place    | Note
-------+----------+-------------------------------------------
     0 | D        | Dfrag the Gargoyle Fighter began the quest for the Orb.
     0 | D        | Reached XP level 1. HP: 14/14 MP: 1/1
     1 | D        | Found a burning altar of Makhleb.
     1 | D        | Found a shimmering altar of Xom.
     2 | D        | Found a corrupted altar of Lugonu.
     2 | D        | Found an iron altar of Okawaru.
     3 | D        | Found a blossoming altar of Fedhas.
     3 | D        | Found a radiant altar of Vehumet.
     4 | D        | Found Wiqeusom's Bee Food.
     4 | D        | Found a sacrificial altar of Ru.
     4 | D        | Found a snail-covered altar of Cheibriados.
     4 | D        | Found an ancient bone altar of Kikubaaqudgha.
     4 | D        | Found Egussabu's Identification Station.
     5 | D        | Found Ixoseg's Jewellery.
     5 | D        | Found Isuanun's Advanced Armour.
     5 | D        | Round 1.
     9 | D        | Became a worshipper of Makhleb the Destroyer
    30 | D        | Bought a slimy turquoise ring for 45 gold pieces
    30 | D        | Bought an ancient steel ring for 45 gold pieces
    30 | D        | Bought a smoking pewter amulet for 45 gold pieces
    30 | D        | Identified the ring "Synemo" {rElec rC++ MR+} (You bought it in a shop in the Dungeon)
    31 | D        | Identified the ring "Foclodgh" {MP+9 Dex+5} (You bought it in a shop in the Dungeon)
    32 | D        | Identified the amulet of Qianump {Faith rElec Str+4 Int-3 Dex-4} (You bought it in a shop in the Dungeon)
    36 | D        | Bought a heavily runed graven amulet for 45 gold pieces
    37 | D        | Identified the amulet "Runtept" {RegenMP Dex+3} (You bought it in a shop in the Dungeon)
    49 | D        | Found Vomoc's Magic Scroll Shop.
    50 | D        | Found Yfady's Magic Scroll Shop.
    50 | D        | Found Nysm's Must-Have Magic.
    55 | D        | Noticed Terence
    56 | D        | Found a stormy altar of Qazlal.
    56 | D        | Found an opulent altar of Gozag.
    56 | D        | Found Duaguuto's Staff Store.
    62 | D        | Killed Terence
    62 | D        | Reached * piety under Makhleb
    62 | D        | Reached XP level 2. HP: 20/20 MP: 2/2
    62 | D        | Reached XP level 3. HP: 24/24 MP: 3/3
    68 | D        | Found a shadowy altar of Dithmenos.
   107 | D        | Found Gutt's Distillery.
   108 | D        | Found Micoxker's Distillery.
   108 | D        | Found Ceus's Bottled Wisdom.
   108 | D        | Found a deep blue altar of Sif Muna.
   108 | D        | Found a viscous altar of Jiyva.
   108 | D        | Found a bloodstained altar of Trog.
   108 | D        | Found Docsagug's Do-It-Yourself Clinic.
   132 | D        | Arena points: 14 (+14) [x2]
   135 | D        | Found a hide-covered altar of Uskayaw.
   136 | D        | Found a roughly hewn altar of Beogh.
   139 | D        | Found a basalt altar of Yredelemnul.
   139 | D        | Found a glowing silver altar of Zin.
   139 | D        | Found a glowing golden altar of the Shining One.
   139 | D        | Found Uxiunn's Weapon Rack.
   139 | D        | Found Zutas's Premium Goods.
   140 | D        | Found Poruraid's Basic Armour.
   140 | D        | Found Wiryun's Miscellaneous Merchandise.
   195 | D        | Round 2.
   202 | D        | Reached ** piety under Makhleb
   202 | D        | Reached skill level 5 in Fighting
   202 | D        | Reached skill level 5 in Armour
   202 | D        | Reached skill level 5 in Shields
   202 | D        | Reached XP level 4. HP: 31/31 MP: 4/4
   299 | D        | Arena points: 50 (+36) [x3]
   319 | D        | Round 3.
   379 | D        | Reached *** piety under Makhleb
   379 | D        | Reached skill level 5 in Maces & Flails
   379 | D        | Reached XP level 5. HP: 36/36 MP: 5/5
   392 | D        | Killed from afar by an orc priest

Vault maps used:
D:        arena_sprint

Skill      XL: |  1  2  3  4 |
---------------+-------------+-----
Fighting       | 4 5 6 |  6.6
Maces & Flails | 3 4 5 |  5.6
Armour         | 4 5 6 |  6.6
Shields        | 4 5 6 |  6.6

Action                   |  1- 3 |  4- 6 || total
-------------------------+-------+-------++-------
Melee: Flail             |    20 |    29 ||    49
  Use: Potion            |       |     1 ||     1
Armor: Scale mail        |    11 |     8 ||    19
Dodge: Dodged            |     5 |     3 ||     8
Block: Shield            |    17 |    16 ||    33
